 Dungeon Crawl Stone Soup version 0.21.1-1-g345015fe64 (webtiles) character file.

1498 Peloso the Slasher (level 8, 0/70 HPs)
             Began as a Minotaur Fighter on June 30, 2018.
             Was a Believer of Okawaru.
             Slain by an orc warrior
             ... wielding a +2 hand axe of chopping
              (3 damage)
             ... on level 6 of the Dungeon.
             The game lasted 00:09:44 (5355 turns).

Peloso the Slasher (Minotaur Fighter)               Turns: 5355, Time: 00:09:45

Health: 0/70       AC: 11    Str: 21    XL:     8   Next: 52%
Magic:  7/7        EV: 10    Int:  5    God:    Okawaru [**....]
Gold:   383        SH: 10    Dex: 12    Spells: 7/7 levels left

rFire    . . .     SeeInvis .   a - +0 long sword
rCold    . . .     Gourm    .   c - +0 shield
rNeg     . . .     Faith    .   u - +2 scale mail {MR+}
rPois    .         Spirit   .   (helmet restricted)
rElec    .         Reflect  .   (no cloak)
rCorr    .         Harm     .   r - +0 pair of gloves
MR       +....                  (no boots)
Stlth    ..........             (no amulet)
HPRegen  0.21/turn              n - ring of flight
MPRegen  0.10/turn              b - ring of wizardry

@: no status effects
A: retaliatory headbutt, horns 2
a: Heroism, Renounce Religion, Evoke Flight


You were on level 6 of the Dungeon.
You worshipped Okawaru.
Okawaru was pleased with you.
You were near starving.

You visited 2 branches of the dungeon, and saw 7 of its levels.

You collected 383 gold pieces.

Inventory:

Hand Weapons
 a - a +0 long sword (weapon)
 g - a +2 flail of pain
 h - a +2 whip of flaming
Armour
 c - a +0 shield (worn)
 r - a +0 pair of gloves (worn)
 u - a +2 scale mail of magic resistance (worn)
Jewellery
 b - a ring of wizardry (right hand)
 n - a ring of flight (left hand)
 o - an uncursed ring of fire
Wands
 l - a wand of flame (23)
Scrolls
 e - 3 scrolls of teleportation
 k - a scroll of random uselessness {unknown}
 x - 2 scrolls of fog {unknown}
 y - a scroll of enchant weapon {unknown}
Potions
 d - a potion of might
 i - 2 potions of agility
 j - a potion of berserk rage
 m - a potion of heal wounds {unknown}
 p - a potion of mutation {unknown}
 q - a potion of ambrosia {unknown}
 s - 3 potions of flight {unknown}
 t - a potion of lignification {unknown}
 w - a potion of haste {unknown}
Comestibles
 f - 5 rations


   Skills:
 + Level 5.9 Fighting
 + Level 7.5 Long Blades
 + Level 6.8 Armour
 + Level 3.6 Dodging
 + Level 1.3 Stealth
 + Level 6.7 Shields


You had 7 spell levels left.
You didn't know any spells.

Dungeon Overview and Level Annotations

Branches:
Dungeon (6/15)             Temple (1/1) D:5

Altars:
Cheibriados
Dithmenos
Elyvilon
Fedhas
Gozag
Hepliaklqana
Kikubaaqudgha
Makhleb
Nemelex Xobeh
Okawaru
Qazlal
Ru
Sif Muna
Xom
Yredelemnul
Zin

Shops:
D:5 :


Innate Abilities, Weirdness & Mutations

You reflexively headbutt those who attack you in melee.
You have a pair of horns on your head.


Message History

You slash the orc!
You kill the orc!
Okawaru accepts your kill.
You hit the orc priest.
The orc priest is lightly wounded.
You block the orc priest's attack.
You closely miss the orc priest.
The orc priest is lightly wounded.
The orc priest calls down the wrath of Beogh upon you.
Pain shoots through your body!
You closely miss the orc warrior.
You headbutt the orc warrior, but do no damage.
The orc priest calls down the wrath of Beogh upon you.
Beogh smites you!
* * * LOW HITPOINT WARNING * * *
You hear a shout!
You closely miss the orc warrior.
The orc warrior hits you with a hand axe of chopping!
* * * LOW HITPOINT WARNING * * *
You die...

######### #.......#
#.......#
#....^..############
#........@oo........
#.......###.>.......
#.......# #.########
########....(..# ...
..........#<####.#.#.
.########.............
.# ###.#### #.# #. .#
.# ... .# .# .#


You could see an orc warrior and an orc priest.

Vanquished Creatures
  Pikel (Temple)
  Duvessa (D:4)
  An ice beast (D:6)
  A slave (Temple)
  2 sky beasts
  A phantom (D:4)
  The ghost of Lentor the Ducker, an amateur FeBe of Trog (D:3)
  Dowan (D:4)
  2 howler monkeys
  A crimson imp (D:5)
  A gnoll shaman (D:5)
  An orc wizard (D:3)
  A hound (D:4)
  An iguana (Temple)
  A worker ant (D:4)
  A killer bee zombie (D:6)
  7 adders
  4 gnolls (D:5)
  2 howler monkey skeletons
  An ooze (D:2)
  2 adder skeletons (D:4)
  A dart slug (D:1)
  5 worms
  2 leopard geckos
  7 orcs
  5 giant cockroaches
  5 goblins
  3 hobgoblins (D:2)
  6 jackals
  6 kobolds
  2 quokkas
  7 bats
  3 frilled lizards
  2 jackal skeletons
  4 rats
92 creatures vanquished.

Notes
Turn   | Place    | Note
-------+----------+-------------------------------------------
     0 | D:1      | Peloso the Minotaur Fighter began the quest for the Orb.
     0 | D:1      | Reached XP level 1. HP: 19/19 MP: 0/0
   215 | D:1      | Reached XP level 2. HP: 24/27 MP: 1/1
   332 | D:1      | Reached skill level 3 in Long Blades
   729 | D:2      | Reached XP level 3. HP: 24/33 MP: 2/2
   827 | D:2      | Reached skill level 1 in Dodging
   887 | D:2      | Found a sparkling altar of Nemelex Xobeh.
   890 | D:2      | Found a burning altar of Makhleb.
  1176 | D:2      | Found a glowing silver altar of Zin.
  1330 | D:2      | Reached XP level 4. HP: 39/40 MP: 3/3
  1544 | D:3      | Reached skill level 4 in Long Blades
  1833 | D:3      | Noticed Lentor's ghost (amateur FeBe)
  1846 | D:3      | Killed Lentor's ghost
  1846 | D:3      | Reached XP level 5. HP: 36/47 MP: 4/4
  2268 | D:3      | Found a blossoming altar of Fedhas.
  2495 | D:4      | Found an opulent altar of Gozag.
  2528 | D:4      | Noticed a phantom
  2571 | D:4      | Killed a phantom
  2571 | D:4      | Reached skill level 5 in Long Blades
  2571 | D:4      | Reached skill level 5 in Shields
  2571 | D:4      | Reached XP level 6. HP: 35/53 MP: 5/5
  2667 | D:4      | Noticed Duvessa
  2667 | D:4      | Noticed Dowan
  2690 | D:4      | Killed Duvessa
  2716 | D:4      | Killed Dowan
  2716 | D:4      | Reached skill level 5 in Fighting
  3090 | D:4      | Reached skill level 6 in Long Blades
  3090 | D:4      | Reached XP level 7. HP: 54/61 MP: 6/6
  3311 | D:4      | Found a white marble altar of Elyvilon.
  3701 | D:5      | Entered Level 5 of the Dungeon
  3796 | D:5      | Found Zomeept's Book Boutique.
  3943 | D:5      | Reached skill level 5 in Armour
  4091 | D:5      | Found a staircase to the Ecumenical Temple.
  4116 | Temple   | Entered the Ecumenical Temple
  4181 | Temple   | Became a worshipper of Warmaster Okawaru
  4342 | D:5      | Noticed Pikel
  4459 | Temple   | HP: 3/61 [iguana (5)]
  4472 | Temple   | Reached skill level 1 in Stealth
  4724 | Temple   | Killed Pikel
  4724 | Temple   | Reached * piety under Okawaru
  4724 | Temple   | Reached skill level 7 in Long Blades
  4724 | Temple   | Reached XP level 8. HP: 70/70 MP: 7/7
  4839 | D:5      | Found a shimmering altar of Xom.
  5243 | D:6      | Reached ** piety under Okawaru
  5355 | D:6      | HP: 3/70 [orc warrior/hand axe of chopping (16)]
  5355 | D:6      | Slain by an orc warrior

Skill      XL: |  1  2  3  4  5  6  7 |
---------------+----------------------+-----
Shields        | 4 5 6 |  6.7
Long Blades    | 3 4 5 6 7 |  7.5
Dodging        | 1 2 3 |  3.6
Fighting       | 4 5 |  5.9
Armour         | 4 6 |  6.8
Stealth        | 1 |  1.3

Action                   |  1- 3 |  4- 6 |  7- 9 || total
-------------------------+-------+-------+-------++-------
Melee: Long sword        |    87 |   134 |   162 ||   383
       Headbutt          |    10 |    18 |    35 ||    63
  Use: Potion            |       |     1 |     3 ||     4
       Scroll            |       |     4 |     1 ||     5
  Eat: Chunk             |     1 |     6 |     6 ||    13
Armor: Scale mail        |    31 |    49 |    56 ||   136
Dodge: Dodged            |    36 |    34 |    45 ||   115
Block: Shield            |    60 |    61 |    77 ||   198
       Rpst.: Long sword |    10 |    12 |     7 ||    29
